 Dungeon Crawl Stone Soup version bcrawl-1.15.1 (webtiles) character file.

Game seed: 18015275593873330421

8122 MisterOstroum the Covert (level 11, -5/75 HPs)
             Began as an Octopode Archaeologist on Oct 1, 2019.
             Was a Plaything of Xom.
             Killed from afar by a gargoyle (16 damage)
             ... with a stone arrow
             ... on level 9 of the Dungeon.
             The game lasted 00:26:35 (9340 turns).

MisterOstroum the Covert (Octopode Archaeologist)   Turns: 9340, Time: 00:26:36

Health: -5/75      AC:  6    Str:  8    XL:     11   Next: 25%
Magic:  8/18       EV: 14    Int: 18    God:    Xom [......]
Gold:   121        SH:  7    Dex: 11    Spells: 10/20 levels left

rFire    . . .     SeeInvis .   a - +8 arc blade {discharge, rElec}
rCold    . . .     Gourm    .   I - +0 buckler
rNeg     . . .     Faith    .   b - +2 hat
rPois    .         Spirit   .   (cloak restricted)
rElec    +         Reflect  .   (no amulet)
rCorr    +         Harm     .   j - ring of resist corrosion
MR       .....                  (no ring)
Stlth    +++++++...             o - ring of stealth
HPRegen  0.22/turn              (no ring)
MPRegen  0.16/turn              (no ring)
                                (no ring)
                                (no ring)
                                (no ring)

@: very slightly contaminated
A: almost no armour, stealthy swim, amphibious, 8 rings, constrict 8, antennae
1, large bone plates 1, yellow scales 2, camouflage 1, clumsy 1, weak 1,
gelatinous body 1, evolution 1
a: Renounce Religion


You were on level 9 of the Dungeon.
You worshipped Xom.
You were a very special plaything of Xom.
You were not hungry.

You visited 2 branches of the dungeon, and saw 10 of its levels.

You collected 641 gold pieces.
You spent 520 gold pieces at shops.

Inventory:

Hand Weapons
 a - the +8 arc blade (weapon) {discharge, rElec}

   It insulates you from electricity.
 t - a +0 dagger
 z - a +0 short sword of speed
Missiles
 l - 676 sling bullets
 n - 1663 stones
 p - 112 javelins
 B - 115 javelins of penetration (quivered)
Armour
 b - a +2 hat (worn)
 I - a +0 buckler (worn)
Jewellery
 j - a ring of resist corrosion (left tentacle)
 m - an uncursed ring of ice {unknown}
 o - a ring of stealth (on tentacle)
Wands
 k - a wand of polymorph (14)
 D - a wand of flame (19)
 E - a wand of enslavement (7)
 G - a wand of iceblast (8)
Scrolls
 i - 5 scrolls of fear {!r}
 s - a scroll of fog {!r}
 u - a scroll of enchant armour
 w - 2 scrolls of immolation
 y - 2 scrolls of magic mapping {@r5 !r}
 F - a scroll of identify {@r1}
Potions
 c - a potion of brilliance {unknown}
 d - 2 potions of haste
 f - a potion of magic {unknown}
 g - 4 potions of agility {@q5 !q}
 q - 2 potions of mutation
 v - a potion of cancellation
 x - 2 potions of flight
 A - a potion of invisibility
Comestibles
 e - 10 rations {!d}
 H - 12 chunks of flesh


   Skills:
 - Level 7.3 Fighting
 - Level 9.0 Short Blades
   Level 2.0 Maces & Flails
 - Level 5.3 Dodging
 - Level 10.0 Stealth
 + Level 0.3 Shields
 - Level 5.0 Spellcasting
 - Level 5.0 Conjurations
 + Level 0.4 Hexes
 + Level 0.3 Charms
 - Level 3.5 Translocations
 - Level 5.0 Air Magic
 - Level 5.0 Poison Magic


You had 10 spell levels left.
You knew the following spells:

 Your Spells              Type           Power        Failure   Level  Hunger
a - Mephitic Cloud        Conj/Pois/Air  ###.....     8%          3    ##.....
b - Spectral Weapon       Hex/Chrm       #.......     47%         3    ##.....
c - Song of Slaying       Chrm           #.......     26%         2    #......
B - Blink                 Tloc           N/A          8%          2    #......

Your spell library contained the following spells:

 Spells                   Type           Power        Failure   Level  Hunger
 Magic Dart               Conj           ###.         2%          1    None
 Infusion                 Chrm           #.......     19%         1    None
 Slow                     Hex            #.......     19%         1    None
 Conjure Flame            Conj/Fire      ##......     22%         3    ##.....
 Call Imp                 Summ           #.......     30%         2    #......
 Ozocubu's Armour         Chrm/Ice       #.......     50%         3    ##.....
 Regeneration             Chrm/Necr      #.........   50%         3    ##.....


Dungeon Overview and Level Annotations

Branches:
Dungeon (9/12)             Temple (0/1) D:7            Lair (1/6) D:7
    Orc (0/1) D:8

Altars:
Ashenzari
Elyvilon
Fedhas
Hepliaklqana
Kikubaaqudgha
Makhleb
Nemelex Xobeh
Okawaru
Xom
Beogh

Shops:
D:9 }[:

Annotations:
D:7 exclusion: door
D:9 exclusions: orange crystal statue and ugly thing
Lair:1 exclusion: 2 hydras


Innate Abilities, Weirdness & Mutations

You cannot wear most types of armour.
You are very stealthy in the water. (Stealth+)
You are amphibious.
You can wear up to eight rings at the same time.
You can use your tentacles to constrict eight enemies at once.
Your skin changes colour to match your surroundings (Stealth+).
Your rubbery body absorbs attacks. (AC +1, EV +1)
You have a pair of small antennae on your head.
You are partially covered in large bone plates. (SH +4)
You are mostly covered in yellow scales. (AC +3)
You are clumsy. (Dex -2)
You are weak. (Str -2)
You evolve.


Message History

Unknown command.
You bump into the rock wall.
The adder barely misses you. The gargoyle completely misses you.
The adder misses you.
Unknown command.
The howler monkey hoots and howls with incredible vigour!
The adder misses you.
Okay, then.
It was a potion of curing.
You feel better.
The howler monkey hoots and howls with incredible vigour!
The adder bites you but does no damage.
The ice beast hits you but does no damage.
Your centaur warrior skeleton hits the howler monkey!
The howler monkey hits your centaur warrior skeleton.
Okay, then.
Unknown command.
As you read the scroll labeled FUUPTY JIOTTUGYT, it crumbles to dust.
You hear a loud clanging noise!
It was a scroll of noise.
You hear a horrible gurgling sound!
The adder misses you.
The ice beast hits you but does no damage.
Your centaur warrior skeleton hits the howler monkey.
The howler monkey completely misses your centaur warrior skeleton.
The orange crystal statue fixes its piercing gaze on you.
You feel your power leaking away. The adder closely misses you.
Blink to where?
Press: ? - help, Dir - move target cursor You are very lightly contaminated with residual magic.
As you read the scroll labeled WYEPNED ROINAKEDI, it crumbles to dust.
It was a scroll of blinking.
Your centaur warrior skeleton hits the howler monkey.
The adder bites your centaur warrior skeleton.
Your centaur warrior skeleton hits the adder.
The adder bites your centaur warrior skeleton.
The ice beast hits your centaur warrior skeleton.
The ice beast freezes your centaur warrior skeleton.
Your centaur warrior skeleton resists.
The howler monkey hits your centaur warrior skeleton.
Your centaur warrior skeleton hits the howler monkey.
Something bites your centaur warrior skeleton.
Something hits your centaur warrior skeleton.
Something freezes your centaur warrior skeleton.
Your centaur warrior skeleton resists.
Your centaur warrior skeleton closely misses something.
The howler monkey hoots and howls with incredible vigour!
Something bites your centaur warrior skeleton.
You see here 128 stones.
The cyan ugly thing pecks you. The cyan ugly thing shocks you. You resist.
There is a stone staircase leading up here.
Casting: Mephitic Cloud (safe; 8% risk of failure)
Confirm with . or Enter, or press ? or * to list all spells.
You blink.
The cyan ugly thing barely misses you. "Fight to survive, mortal."
The howler monkey hoots and howls with incredible vigour!
The orc priest hits you with a +0 club. The orc closely misses you.
You puncture the cyan ugly thing!
The arc blade crackles.
The orc is struck by an arc of lightning.
The orc is almost dead.
You resist.
You are struck by an arc of lightning.
The orc priest is struck by an arc of lightning!
The orc priest is heavily wounded.
The orc is struck by an arc of lightning!
You kill the orc!
The orc's corpse disappears in a puff of smoke!
The lightning grounds out.
The orc priest is struck by an arc of lightning!!
You kill the orc priest!
The orc priest's corpse disappears in a puff of smoke!
You resist.
You are struck by an arc of lightning.
Your grab misses the cyan ugly thing.
Your squeeze misses the cyan ugly thing.
The cyan ugly thing is moderately wounded.
You block the cyan ugly thing's attack.
Casting: Blink (safe; 8% risk of failure)
Confirm with . or Enter, or press ? or * to list all spells.
You blink.
You closely miss the howler monkey. You grab the howler monkey.
The howler monkey is heavily wounded.
You constrict the howler monkey.
You block the bullfrog skeleton's attack.
The howler monkey hits you but does no damage.
You puncture the howler monkey!
The arc blade crackles.
The howler monkey is struck by an arc of lightning!
You kill the howler monkey!
The howler monkey's corpse dissolves into shadows!
The bullfrog skeleton misses you.
The cyan ugly thing basks in your mutagenic energy and changes!
The gargoyle hurls a stone arrow at you.
The stone arrow hits you!
* * * LOW HITPOINT WARNING * * *
Casting: Blink (safe; 8% risk of failure)
Confirm with . or Enter, or press ? or * to list all spells.
You blink.
The howler monkey hoots and howls with incredible vigour!
The gargoyle hurls a stone arrow at you.
The stone arrow hits you!
You die...
Xom titters!

.## #.....###..#####.# ..
#.....###..#...#.# ##
#......##..#.#§#..
##.....###>#.#.#####
#.......#.#.#ou.#...#
#...#.#.#..<.h.§#.#.#
#...#.#.##.....9#.#.#
#...........Z...#.#.#
######.########.@...##.#.#######
.....................(..........
######.###############..........
#.#### #.9......... #....#
#........... ######.∩#.#
##.......... ........#.#
#.....8%... ######....#
#.......... ###### #..........


You could see a red ugly thing, a gargoyle, a howler monkey, an orc wizard and a
bullfrog skeleton.

Vanquished Creatures
  An ogre mage (D:8)
  2 two-headed ogres (D:8)
  An ugly thing (D:8)
  A centaur zombie (D:8)
  A komodo dragon (Lair:1)
  3 hippogriffs
  A basilisk (Lair:1)
  A hungry ghost (D:5)
  A water moccasin (Lair:1)
  Duvessa (D:7)
  A black bear (D:6)
  7 orc warriors
  2 ice beasts
  A sky beast (D:5)
  3 ogres
  An eye of draining (D:8)
  3 centaurs
  5 bullfrogs
  2 big kobolds
  Dowan (D:7)
  A scorpion (D:5)
  3 howler monkeys
  5 crimson imps
  4 jellies (D:8)
  8 hounds
  8 orc priests
  2 bullfrog skeletons
  A gnoll shaman (D:5)
  An iguana (D:5)
  Terence (D:2)
  10 orc wizards
  7 worker ants
  A killer bee zombie (D:5)
  A howler monkey skeleton (D:4)
  2 howler monkey zombies
  6 adders
  6 gnolls
  2 shadow imps
  7 oozes
  An adder skeleton (D:4)
  3 worms
  3 dart slugs
  4 leopard geckos
  48 orcs
  5 giant cockroaches
  8 hobgoblins
  3 jackals (D:4)
  14 kobolds
  2 quokkas
  3 ball pythons
  9 bats
  15 frilled lizards
  8 goblins
  6 rats
247 creatures vanquished.

Vanquished Creatures (collateral kills)
  A hippogriff (D:5)
  An ogre (D:5)
  2 orc priests (D:8)
4 creatures vanquished.

Vanquished Creatures (others)
  A centaur skeleton (D:9)
  A plant (D:8)
2 creatures vanquished.

Grand Total: 253 creatures vanquished

Notes
Turn   | Place    | Note
-------+----------+-------------------------------------------
     0 | D:1      | MisterOstroum the Octopode Archaeologist began the quest
                  | for the Orb.
     0 | D:1      | Reached XP level 1. HP: 13/13 MP: 1/1
    64 | D:1      | Reached XP level 2. HP: 17/18 MP: 2/2
   557 | D:1      | Reached XP level 3. HP: 18/24 MP: 3/3
   605 | D:1      | Found a shimmering altar of Xom.
   625 | D:1      | Became a worshipper of Xom of Chaos
   835 | D:2      | XOM: harmless Pois miscast
   868 | D:2      | Reached skill level 1 in Short Blades
   985 | D:2      | Noticed Terence
   990 | D:2      | Killed Terence
   990 | D:2      | Reached XP level 4. HP: 22/30 MP: 4/4
  1150 | D:2      | Found an iron altar of Okawaru.
  1438 | D:3      | Reached XP level 5. HP: 36/36 MP: 5/5
  1514 | D:3      | XOM: harmless Erth miscast
  1570 | D:3      | XOM: divination: magic mapping
  1620 | D:3      | Found a burning altar of Makhleb.
  1620 | D:3      | Found an iron altar of Okawaru.
  1622 | D:3      | Found a hazy altar of Hepliaklqana.
  1622 | D:3      | Found a shimmering altar of Xom.
  1622 | D:3      | Found a sparkling altar of Nemelex Xobeh.
  1630 | D:3      | Found a blossoming altar of Fedhas.
  1663 | D:3      | XOM: harmless Conj miscast
  2172 | D:3      | Found a shattered altar of Ashenzari.
  2265 | D:3      | XOM is BORED!
  2265 | D:3      | XOM: medium Necr miscast
  2286 | D:3      | XOM: harmless Ice miscast
  2522 | D:3      | XOM: mild Chrm miscast
  2678 | D:4      | XOM: god gift: emerald potion {god gift}
  2707 | D:4      | XOM: potion effect (invisibility)
  2708 | D:4      | Reached XP level 6. HP: 11/42 MP: 6/6
  3001 | D:4      | XOM: blink monster(s)
  3009 | D:4      | Reached skill level 5 in Stealth
  3208 | D:4      | XOM: draining
  3227 | D:4      | XOM: polymorph jackal -> bat
  3685 | D:5      | Entered Level 5 of the Dungeon
  3769 | D:5      | Noticed a hippogriff
  3837 | D:5      | XOM: give mutation
  3837 | D:5      | Gained mutation: You are weak. (Str -2) [Xom's mischief]
  3953 | D:5      | XOM: give mutations
  3953 | D:5      | Gained mutation: You expend magic power (3 MP) to
                  | strengthen your wands. [Xom's grace]
  3953 | D:5      | Gained mutation: You have a pair of small antennae on your
                  | head. [Xom's grace]
  3953 | D:5      | Gained mutation: You are partially covered in large bone
                  | plates. (SH +4) [Xom's grace]
  3953 | D:5      | Gained mutation: You are partially covered in yellow
                  | scales. (AC +2) [Xom's grace]
  3964 | D:5      | Found an ancient bone altar of Kikubaaqudgha.
  4075 | D:5      | Noticed a sky beast
  4177 | D:5      | Reached XP level 7. HP: 34/48 MP: 7/7
  4182 | D:5      | Killed a hippogriff
  4182 | D:5      | Reached skill level 5 in Short Blades
  4193 | D:5      | Reached skill level 5 in Dodging
  4366 | D:5      | XOM: 7-stop teleportation journey
  4487 | D:5      | XOM: scenery: create altars
  4533 | D:5      | Reached skill level 6 in Stealth
  4535 | D:5      | Found a sparkling altar of Nemelex Xobeh.
  4657 | D:5      | Noticed a hungry ghost
  4665 | D:5      | Reached skill level 7 in Stealth
  4665 | D:5      | Reached XP level 8. HP: 54/54 MP: 8/8
  4668 | D:5      | XOM: fog
  4730 | D:5      | Reached skill level 8 in Stealth
  4760 | D:5      | XOM: potion effect (heal wounds)
  4765 | D:5      | XOM: confuse monster(s)
  4921 | D:5      | XOM: god gift: ration
  5186 | D:5      | Found an ancient bone altar of Kikubaaqudgha.
  5195 | D:5      | Reached skill level 9 in Stealth
  5242 | D:6      | Found a white marble altar of Elyvilon.
  5394 | D:6      | Reached skill level 5 in Fighting
  5394 | D:6      | Reached XP level 9. HP: 56/61 MP: 9/9
  5456 | D:6      | XOM: butterfly on damage
  5510 | D:6      | XOM: 1-stop teleportation journey
  5581 | D:6      | XOM: give mutations
  5581 | D:6      | Gained mutation: You evolve. [Xom's grace]
  5581 | D:6      | Gained mutation: You are agile. (Dex +2) [Xom's grace]
  5971 | D:7      | Reached skill level 10 in Stealth
  6001 | D:7      | XOM: god gift: 44 gold pieces
  6115 | D:7      | Noticed Duvessa
  6294 | D:7      | Noticed a death yak
  6334 | D:7      | Learned a level 2 spell: Blink
  6338 | D:7      | Learned a level 3 spell: Mephitic Cloud
  6408 | D:7      | Noticed a death yak
  6408 | D:7      | Noticed a death yak
  6416 | D:7      | XOM: butterfly on damage
  6427 | D:7      | XOM: summons friendly white imp
  6450 | D:6      | XOM: summons 4 hostile demons
  6603 | D:7      | Noticed Dowan
  6620 | D:7      | Killed Duvessa
  6620 | D:7      | Reached skill level 1 in Poison Magic
  6620 | D:7      | Killed Dowan
  6620 | D:7      | Reached skill level 1 in Air Magic
  6685 | D:7      | Found a staircase to the Ecumenical Temple.
  6714 | D:7      | Found a staircase to the Lair.
  6720 | D:7      | Reached skill level 1 in Conjurations
  6720 | D:7      | Reached skill level 1 in Translocations
  6767 | D:8      | Reached skill level 1 in Spellcasting
  6785 | D:8      | Gained mutation: You are mostly covered in yellow scales.
                  | (AC +3) [evolution]
  6899 | D:8      | XOM: confusion
  6931 | D:8      | Noticed a red ugly thing
  6936 | D:8      | XOM: 3-stop teleportation journey
  6938 | D:8      | Reached XP level 10. HP: 71/71 MP: 12/12
  6958 | D:8      | Noticed a two-headed ogre
  7072 | D:8      | Found a roughly hewn altar of Beogh.
  7171 | Lair:1   | Entered Level 1 of the Lair of Beasts
  7189 | Lair:1   | Noticed a seven-headed hydra
  7191 | Lair:1   | Noticed a six-headed hydra
  7202 | Lair:1   | XOM: enchant monster (bad)
  7446 | D:8      | XOM: summons 4 hostile demons
  7447 | D:8      | Noticed an orange demon
  7447 | D:8      | Noticed a sun demon
  7582 | D:8      | Noticed a two-headed ogre
  7596 | D:8      | Killed a two-headed ogre
  7655 | D:8      | XOM: silly message
  7763 | D:8      | Noticed an ogre mage
  7771 | D:8      | Killed an ogre mage
  7774 | D:8      | Reached skill level 5 in Poison Magic
  7831 | D:8      | XOM: give mutations
  7831 | D:8      | Lost mutation: You are agile. (Dex +2) [Xom's mischief]
  7831 | D:8      | Gained mutation: Scrolls take you a little longer to read.
                  | [Xom's mischief]
  7831 | D:8      | Lost mutation: You expend magic power (3 MP) to strengthen
                  | your wands. [Xom's mischief]
  7831 | D:8      | Gained mutation: You are clumsy. (Dex -2) [Xom's mischief]
  7849 | D:8      | Killed a red ugly thing
  7875 | D:8      | XOM: scenery: 1 doors close
  7886 | D:8      | Killed a two-headed ogre
  7886 | D:8      | Reached XP level 11. HP: 54/75 MP: 17/17
  8042 | D:8      | XOM: silly message
  8070 | D:8      | XOM: confusion
  8398 | D:8      | Found a staircase to the Orcish Mines.
  8408 | D:8      | XOM: summons 7 friendly demons
  8437 | D:8      | HP: 2/75 [orc warrior/cursed -3 long sword (11)]
  8481 | D:8      | XOM: noise
  8490 | D:8      | XOM: summons 5 hostile demons
  8820 | D:8      | Reached skill level 5 in Air Magic
  8869 | D:8      | XOM: harmless Conj miscast
  8880 | D:8      | Reached skill level 5 in Conjurations
  8982 | D:9      | Lost mutation: Scrolls take you a little longer to read.
                  | [evolution]
  9018 | D:9      | Reached skill level 5 in Spellcasting
  9117 | D:9      | Noticed an orange crystal statue
  9117 | D:9      | Noticed a cyan ugly thing
  9132 | D:9      | Found Irributa's Gadget Shop.
  9182 | D:9      | Found Fedieps's Book Emporium.
  9190 | D:9      | Bought a book of Battle for 520 gold pieces
  9195 | D:9      | Learned a level 3 spell: Spectral Weapon
  9198 | D:9      | Learned a level 2 spell: Song of Slaying
  9233 | D:9      | Found Coqo's Antique Armour Shoppe.
  9310 | D:9      | XOM: 1-stop teleportation journey
  9317 | D:9      | XOM: enchant monster (good)
  9334 | D:9      | XOM: summons 2 hostile shadow creatures
  9340 | D:9      | Killed from afar by a gargoyle

Skill      XL: |  1  2  3  4  5  6  7  8  9 10 11 |
---------------+----------------------------------+-----
Maces & Flails | 2 |  2.0
Fighting       | 2 3 4 5 7 |  7.3
Short Blades   | 2 3 4 6 8 9 |  9.0
Dodging        | 4 5 |  5.3
Stealth        | 5 7 9 10 | 10.0
Poison Magic   | 2 5 |  5.0
Air Magic      | 1 4 5 |  5.0
Conjurations   | 1 4 5 |  5.0
Translocations | 1 3 |  3.5
Spellcasting   | 1 4 5 |  5.0
Shields        | |  0.3
Hexes          | |  0.4
Charms         | |  0.3

Action                   |  1- 3 |  4- 6 |  7- 9 | 10-12 || total
-------------------------+-------+-------+-------+-------++-------
Melee: Whip              |    90 |       |       |       ||    90
       Constrict         |    28 |    44 |    43 |    28 ||   143
       Tentacles         |    15 |    24 |    32 |    19 ||    90
       Dagger            |     5 |    72 |       |       ||    77
       Short sword       |       |   101 |    97 |     7 ||   205
       Rapier            |       |       |   134 |   137 ||   271
Throw: Javelin           |       |       |       |     6 ||     6
 Cast: Blink             |       |       |       |     4 ||     4
       Mephitic Cloud    |       |       |       |     2 ||     2
  Use: Scroll            |       |    11 |     2 |     4 ||    17
       Potion            |       |     1 |       |     3 ||     4
 Stab: Sleeping          |     7 |    12 |    19 |    11 ||    49
       Invisible         |       |     1 |       |       ||     1
       Confused          |       |       |     1 |     3 ||     4
       Distracted        |       |       |     1 |     1 ||     2
  Eat: Chunk             |       |    10 |    14 |     8 ||    32
Armor: Skin              |    12 |    31 |    32 |    18 ||    93
Dodge: Dodged            |    63 |   131 |    77 |    92 ||   363
Block: Other             |       |     3 |    29 |    23 ||    55
       Buckler           |       |       |       |     2 ||     2
